 Dungeon Crawl Stone Soup version 0.32-a0-918-g0f22ef8d61 (webtiles) character file.

Game seed: 514228858585999696

61 jlumianski the Chopper (level 4, -1/33 HPs)
             Began as a Coglin Gladiator on Apr 10, 2024.
             Slain by a ribbon worm (3 damage)
             ... on level 2 of the Dungeon.
             The game lasted 00:06:07 (956 turns).

jlumianski the Chopper (Coglin Gladiator)            Turns: 956, Time: 00:06:07

Health: -1/33      AC:  4    Str: 16    XL:     4   Next: 7%
Magic:  4/4        EV: 11    Int:  7    God:
Gold:   75         SH:  0    Dex: 16    Spells: 3/3 levels left

rFire   . . .        a - +0 war axe {Salvador}
rCold   . . .        f - +0 dagger {Ashmeen}
rNeg    . . .        b - +0 leather armour
rPois   .            c - +0 helmet
rElec   .            (no cloak)
rCorr   .            (no gloves)
SInv    .            (no boots)
Will    .....        (amulet unavailable)
Stlth   +            (ring unavailable)
HPRegen 0.25/turn    (ring unavailable)
MPRegen 0.09/turn    (no gizmo)

%: no passive effects
@: revved
A: off-hand wielding, slow wielding, warmup strikes, no jewellery
a: Invent Gizmo


You were on level 2 of the Dungeon.
You visited 1 branch of the dungeon, and saw 3 of its levels.

You collected 75 gold pieces.

Inventory:

Hand Weapons
 a - a +0 war axe (weapon) {Salvador}
 f - a +0 dagger (offhand) {Ashmeen}
Missiles
 d - 3 throwing nets (quivered)
 e - a javelin
 n - 3 curare-tipped darts
Armour
 b - a +0 leather armour (worn)
 c - a +0 helmet (worn)
 k - a +0 ring mail
Scrolls
 h - a scroll of fear {unknown}
 m - a scroll of identify {unknown}
 o - a scroll of revelation {unknown}
 p - a scroll of fog {unknown}
Potions
 g - a potion of berserk rage {unknown}
 i - 2 potions of lignification {unknown}
 j - a potion of magic {unknown}
 l - a potion of haste {unknown}
 q - a potion of curing {unknown}


   Skills:
 + Level 2.1 Fighting
 + Level 0.4 Short Blades
 + Level 3.8 Axes
 + Level 1.9 Throwing
 + Level 1.0 Armour
 + Level 3.1 Dodging
 + Level 0.1 Stealth


You had 3 spell levels left.
You didn't know any spells.
Your spell library was empty.

Dungeon Overview and Level Annotations

Branches:
Dungeon (3/15)

Altars:


Innate Abilities, Weirdness & Mutations

You can wield a second weapon in your off-hand.
It takes a long time for you to wield or remove held weapons.
Your first few attacks do less damage.
You cannot equip rings or amulets.


Message History

The cerulean imp hits you from afar with a +2 spear.
* * * LOW HITPOINT WARNING * * *
Natasha closely misses you.
You closely miss Natasha with your +0 dagger.
Natasha is almost dead.
You hit Natasha but do no damage.
The cerulean imp disappears in a puff of smoke!
Natasha barely misses you.
You hit Natasha but do no damage.
Natasha is almost dead.
You barely miss Natasha with your +0 dagger.
Natasha misses you.
You closely miss Natasha with your +0 war axe.
Natasha is almost dead.
You barely miss Natasha with your +0 dagger.
Natasha claws you but does no damage.
You miss Natasha with your +0 war axe.
Natasha is almost dead.
You barely miss Natasha with your +0 dagger.
Natasha claws you but does no damage.
The cerulean imp hits you from afar with a +1 spear.
* * * LOW HITPOINT WARNING * * *
Natasha casts a spell.
You barely miss Natasha with your +0 dagger.
Natasha is almost dead.
You slash Natasha with your +0 war axe!
You kill Natasha!
Natasha screams in pain as she dies!
The cerulean imp disappears in a puff of smoke! x2
Your Armour skill increases to level 1!
You have reached level 4!
You feel agile.
The ribbon worm expels a string of sticky webbing.
The stream of webbing hits you but does no damage.
You are caught in a web!
There is a web here.
Unknown command.
You struggle to detach yourself from the web.
The web tears apart.
The ribbon worm bites you.
You die...

#)......# #......####
#.......# #.........(
#.......# #......#
#.......# #...ww.#
#.......#####......#
#.......##...h######
#.......##w####
#.......##w# ###.######@#
#. #.# #.# #... ## #.#
#.## #.. #.# #.# #..# #..
.. #.# ##.# #.#### #. #.#
#.####.#..# #. #.#
#.).##...##+# #.
#.#########......##.# ##
#......##†.....#.##.#####


You could see 2 ribbon worms.

Vanquished Creatures
  Natasha (D:2)
  A ribbon worm (D:2)
  3 dart slugs
  2 ball pythons (D:1)
  4 bats
  4 endoplasms (D:1)
  A giant cockroach (D:1)
  3 goblins
  2 hobgoblins
  3 frilled lizards (D:1)
  2 kobolds (D:1)
  A rat (D:1)
27 creatures vanquished.

Notes
Turn   | Place    | Note
-------+----------+-------------------------------------------
     0 | D:1      | jlumianski the Coglin Gladiator began the quest for the
                  | Orb.
     0 | D:1      | Reached XP level 1. HP: 16/16 MP: 1/1
    54 | D:1      | Found a faded altar of an unknown god.
   161 | D:1      | Reached XP level 2. HP: 9/22 MP: 2/2
   549 | D:1      | Reached XP level 3. HP: 27/27 MP: 3/3
   927 | D:2      | Noticed Natasha
   952 | D:2      | HP: 1/27 [cerulean imp/+1 spear[Natasha] (6)]
   953 | D:2      | Killed Natasha
   954 | D:2      | Reached skill level 1 in Armour
   954 | D:2      | Reached XP level 4. HP: 2/33 MP: 4/4
   956 | D:2      | Slain by a ribbon worm

Illustrated notes

Levels and vault maps discovered:
D:1:      lightli_arrival_noodles, layout_basic,
          hellmonk_ecumenical_altar_inner_sanctum, st_stairs_11
D:2:      minmay_door_path, layout_rooms, serial_shops,
          nicolae_shop_hallway_plus, hex_intersection, uniq_natasha
D:3:      layout_loops_ring

Skill      XL: |  1  2  3 |
---------------+----------+-----
Dodging        | 3 |  3.1
Armour         | 1 |  1.0
Fighting       | |  2.1
Short Blades   | |  0.4
Axes           | |  3.8
Throwing       | |  1.9
Stealth        | |  0.1

Action                     |  1- 3 |  4- 6 || total
---------------------------+-------+-------++-------
  Melee: War axe           |    69 |       ||    69
         Dagger            |    54 |       ||    54
   Stab: Sleeping          |     1 |       ||     1
 Armour: Leather armour    |    43 |     1 ||    44
  Dodge: Dodged            |    66 |       ||    66

Table legend: (Time is in decaauts)
 A = Elapsed time spent in this place.
 B = Non-inter-level travel time spent in this place.
 C = Inter-level travel time spent in this place.
 D = Time resting spent in this place.
 E = Time spent auto-exploring this place.
 F = Levels seen in this place.
 G = Mean time per level.
                   A        B        C        D        E       F      G
               +--------+--------+--------+--------+--------+-----+--------+
         Total |    969 |    943 |     26 |      0 |    504 |   3 |  323.0 |
       Dungeon |    969 |    943 |     26 |      0 |    504 |   3 |  323.0 |
               +--------+--------+--------+--------+--------+-----+--------+

Top non-repeatable levels by time:
     D:1: 757 daAuts
     D:2: 210 daAuts
     D:3: 1 daAuts
